 Dungeon Crawl Stone Soup version 0.30-a0-996-ga6910c8ee8 (webtiles) character file.

Game seed: 11591444099843573719

56179 GloriousHammer the Brawler (level 14, -15/139 (144) HPs)
             Began as a Troll Fighter on Apr 4, 2023.
             Was a High Priest of Wu Jian.
             Killed from afar by an orc sorcerer (29 damage)
             ... with a bolt of fire
             ... on level 2 of the Orcish Mines.
             The game lasted 00:47:41 (24266 turns).

GloriousHammer the Brawler (Troll Fighter)         Turns: 24266, Time: 00:47:41

HP:   -15/139 (144) AC: 15    Str: 29    XL:     14   Next: 41%
MP:   13/13         EV:  8    Int:  9    God:    Wu Jian [*****.]
Gold: 1795          SH: 11    Dex:  9    Spells: 13/13 levels left

rFire   . . .      SeeInvis +      - Unarmed
rCold   . . .      Faith    .    b - +0 kite shield
rNeg    . . .      Spirit   .    W - +2 acid dragon scales
rPois   +          Reflect  .    E - +2 hat
rElec   .          Rampage  .    s - +0 cloak
rCorr   +                        (gloves unavailable)
Will    +....                    (boots unavailable)
Stlth   +                        A - amulet of magic regeneration
HPRegen 1.23/turn                Y - ring of Fanaticism {Int+3 SInv}
MPRegen 0.53/turn                P - ring of poison resistance

@: exhausted, lightly drained
A: large, unfitting armour, claws 3, regeneration 1, shaggy fur 1, tough skin 1
a: Renounce Religion, Wall Jump, Serpent's Lash, Heavenly Storm


You were on level 2 of the Orcish Mines.
You worshipped Wu Jian.
Wu Jian was extremely pleased with you.
You visited 4 branches of the dungeon, and saw 19 of its levels.

You collected 1795 gold pieces.

Inventory:

Hand Weapons
 J - a +2 scimitar of flaming
Missiles
 c - 6 javelins
 i - 23 poisoned darts
 l - 3 curare-tipped darts
 t - 12 boomerangs (quivered)
 I - 2 boomerangs of dispersal
 N - 3 silver boomerangs
 O - a throwing net
Armour
 b - a +0 kite shield (worn)
 s - a +0 cloak (worn)
 y - +0 fire dragon scales
 E - a +2 hat (worn)
 W - +2 acid dragon scales (worn)
Jewellery
 n - a ring of positive energy
 A - an amulet of magic regeneration (around neck)
 C - a ring of protection from cold
 D - a +6 ring of dexterity
 F - a ring of protection from fire
 P - a ring of poison resistance (right claw)
 Q - a +6 ring of intelligence
 S - a +6 ring of strength
 Y - the ring of Fanaticism (left claw) {Int+3 SInv}
   (You found it on level 5 of the Lair of Beasts)

   [ring of see invisible]

   Int:       It affects your intelligence (+3).
   SInv:      It lets you see invisible.
Wands
 a - a wand of roots (20)
 m - a wand of paralysis (4)
 x - a wand of digging (1)
 K - a wand of flame (5)
 R - a wand of mindburst (6)
Scrolls
 d - 4 scrolls of fear
 e - 2 scrolls of torment
 f - 7 scrolls of teleportation
 g - 2 scrolls of fog
 k - a scroll of silence
 p - a scroll of blinking
 r - 5 scrolls of magic mapping
 w - 6 scrolls of poison
 B - 4 scrolls of immolation
 M - 2 scrolls of vulnerability
 U - 2 scrolls of summoning
Potions
 h - 3 potions of haste {unknown}
 j - a potion of resistance
 o - 2 potions of brilliance
 q - a potion of ambrosia {unknown}
 u - 4 potions of flight
 v - 4 potions of heal wounds {unknown}
 z - 3 potions of mutation {unknown}
 G - 2 potions of berserk rage {unknown}
 H - 10 potions of curing
 L - 3 potions of lignification {unknown}
 V - 2 potions of might
 X - a potion of magic {unknown}
 Z - a potion of cancellation
Miscellaneous
 T - a box of beasts


   Skills:
 + Level 10.6 Fighting
 + Level 7.5 Armour
 - Level 2.4 Dodging
 + Level 11.6 Shields
 * Level 17.0 Unarmed Combat


You had 13 spell levels left.
You didn't know any spells.
Your spell library contained the following spells:

 Spells                   Type           Power      Damage    Failure   Level
 Freeze                   Ice            0%         1d3       63%         1
 Necrotise                Necr           0%         1d4       63%         1
 Sting                    Tmut/Pois      0%         1d3       63%         1
 Blink                    Tloc           0%         N/A       77%         2
 Lesser Beckoning         Tloc           0%         N/A       77%         2
 Momentum Strike          Conj/Tloc      0%         3d8       77%         2
 Poisonous Vapours        Pois/Air       0%         N/A       77%         2
 Dazzling Flash           Conj/Hex       0%         N/A       94%         3
 Frozen Ramparts          Ice            0%         1d1       94%         3
 Gell's Gravitas          Tloc           0%         N/A       94%         3
 Hailstorm                Conj/Ice       0%         3d3       94%         3
 Inner Flame              Hex/Fire       0%         N/A       94%         3
 Summon Guardian Golem    Hex/Summ       0%         N/A       94%         3
 Teleport Other           Tloc           0%         N/A       94%         3
 Vampiric Draining        Necr           0%         2d6       94%         3
 Cause Fear               Hex            0%         N/A       100%        4
 Iskenderun's Mystic Bla  Conj/Tloc      0%         2d3       100%        4
 Olgreb's Toxic Radiance  Pois           0%         N/A       100%        4
 Agony                    Necr           0%         N/A       100%        5
 Dispersal                Tloc           0%         N/A       100%        6
 Starburst                Conj/Fire      0%         6d3       100%        6
 Dragon Form              Tmut           0%         N/A       100%        7
 Orb of Destruction       Conj           0%         9d5       100%        7
 Spellforged Servitor     Conj/Summ      0%         N/A       100%        7
 Discord                  Hex            0%         N/A       100%        8
 Dragon's Call            Summ           0%         N/A       100%        9


Dungeon Overview and Level Annotations

Branches:
Dungeon (11/15)            Temple (1/1) D:7            Lair (5/5) D:10
  Swamp (0/4) Lair:3        Snake (0/4) Lair:2        Slime (0/5) Lair:5
    Orc (2/2) D:11
    Elf: Orc:2

Altars:
Ashenzari
Cheibriados
Dithmenos
Elyvilon
Fedhas
Gozag
Hepliaklqana
Kikubaaqudgha
Makhleb
Nemelex Xobeh
Okawaru
Qazlal
Ru
Sif Muna
Trog
Uskayaw
Vehumet
Wu Jian
Xom
Yredelemnul
Zin
The Shining One
Jiyva

Shops:
D:1 [   Orc:1 (

Portals:
Abyss: Lair:2

Annotations:
D:6 dig vault hat
D:7 exclusions: downstairs and electric eel
Lair:1 exclusion: downstairs
Lair:2 2 transporters, exclusion: downstairs, Sovesh's ghost, journeyman OpCj
Lair:4 exclusion: 2 downstairs


Innate Abilities, Weirdness & Mutations

You are too large for most types of armour.
You have claws for hands.
Your natural rate of healing is unusually fast.
You are covered in fur. (AC +1)
You have tough skin. (AC +1)


Message History

The bolt of negative energy hits the orc wizard!
The orc wizard is drained!
The orc wizard dies!
The bolt of negative energy hits the orc priest!!!
The orc priest is drained!
The orc priest dies!
The bolt of negative energy hits the rust devil.
The rust devil completely resists.
The bolt of negative energy hits you!!
You feel drained.
The bolt of negative energy hits the orc sorcerer!!
The orc sorcerer is drained!
The orc sorcerer dies!
The rust devil disappears in a puff of smoke!
The ynoxinul gestures.
You hear a shout!
You lunge at the orc sorcerer.
You barely miss the orc sorcerer.
You spin and attack the orc wizard.
You closely miss the orc wizard.
You spin and attack the orc.
You claw the orc!
You kill the orc!
The Council accepts your kill. The ufetubus barely misses you.
The ufetubus hits you.
The orc wizard gestures at you while chanting.
The puff of flame hits you. You block the orc sorcerer's attack.
The orc sorcerer gestures at you while chanting.
The bolt of negative energy hits the orc wizard!!!
The orc wizard is drained!
The orc wizard dies!
The bolt of negative energy hits you.
You feel drained.
The orc priest casts a cantrip, but nothing happens.
You block the ynoxinul's attack.
Things that are here:
a +0 dagger; a +0 robe You claw the orc sorcerer!
The orc sorcerer is heavily wounded.
The ufetubus hits you. You block the ufetubus's attack.
The orc wizard points at you and mumbles some strange words.
The magic dart hits you but does no damage.
The orc sorcerer hits you but does no damage.
The orc warrior hits you with a +0 long sword!
You block the orc wizard's attack.
You barely miss the orc sorcerer.
The orc sorcerer is heavily wounded.
The ufetubus barely misses you. You block the ufetubus's attack.
The ynoxinul hits you.
Unknown command.
You eviscerate the orc sorcerer!!!
You kill the orc sorcerer!
The Council accepts your kill.
The ynoxinul disappears in a puff of smoke!
The ufetubus disappears in a puff of smoke! x3
You block the orc warrior's attack.
The orc priest mumbles some strange prayers to Beogh against you.
Beogh smites you! The orc wizard barely misses you.
The orc wizard hits you but does no damage.
The orc sorcerer gestures wildly while chanting.
The orc priest mumbles some strange prayers to Beogh against you.
Beogh smites you!
You hear a shout! x2
You mangle the orc priest!!
You kill the orc priest!
The Council accepts your kill.
The orc wizard gestures at you while chanting.
The puff of flame hits you.
The orc warrior hits you but does no damage.
You block the orc warrior's attack.
The orc priest mumbles some strange prayers to Beogh against you.
Beogh smites you!
* * * LOW HITPOINT WARNING * * *
You block the orc wizard's attack.
The orc wizard points at you and mumbles some strange words.
The puff of flame hits you!
* * * LOW HITPOINT WARNING * * *
The orc warrior hits you but does no damage.
Your muscles tense, ready for explosive movement...
You spin and attack the orc warrior, with incredible momentum.
You claw the orc warrior!
The orc warrior is heavily wounded.
Things that are here:
a +0 dagger; a +0 dagger Your supernatural speed expires.
Things that are here:
a +0 club; a +0 ring mail; an orc corpse
Things that are here:
a +0 hand axe; a +0 chain mail; an orc corpse The orc warrior hits you but does no damage.
The orc priest invokes the aid of Beogh against you.
Beogh smites you!
* * * LOW HITPOINT WARNING * * *
The orc priest miscasts a cantrip.
There is a stone staircase leading up here.
You block the orc warrior's attack.
The orc sorcerer gestures at you while chanting.
The bolt of fire hits the orc wizard!!
The orc wizard dies!
The bolt of fire hits the orc wizard!!
The orc wizard dies!
The bolt of fire hits the orc warrior!!
The orc warrior dies!
The bolt of fire hits you!!
You die...

..).o.
.######3.o######.
.......oo.......
.....oo).§......
####.#o))o######
#..oo○#)###
##..)#oo..#.
#.o)........
##.@)........
###).......#
.......##
........ ..#.....
..#.... ..# ...
..# ..


You could see a ynoxinul (summoned), 2 orc sorcerers, 3 orc warriors, 4 orc
priests and 3 orc wizards.

Vanquished Creatures
  Rupert (Lair:4)
  An orc warlord (Orc:1)
  2 dire elephants (Lair:5)
  A fire dragon (Lair:5)
  Fannar (D:11)
  Harold (Lair:1)
  2 hydras (Lair:5)
  3 catoblepae
  Erica (D:8)
  2 boulder beetles
  2 two-headed ogres
  6 death yaks
  Urug (Orc:1)
  Sonja (Orc:1)
  A fire crab (Lair:2)
  2 skysharks (Lair:3)
  A lindwurm (Lair:5)
  A swamp dragon (Lair:5)
  An orc sorcerer (Orc:2)
  A wolf spider (Lair:3)
  2 manticores (Lair:5)
  6 black mambas
  6 elephants
  A guardian serpent (D:11)
  A gargoyle (D:10)
  A torpor snail (Lair:3)
  12 cane toads
  2 rime drakes
  6 komodo dragons
  3 polar bears
  4 trolls
  A hornet (Lair:4)
  27 blink frogs
  6 dream sheep
  5 wyverns
  A shadow (D:11)
  A vampire (D:10)
  8 basilisks
  34 yaks
  3 hogs (Lair:4)
  5 steam dragons
  A naga (Lair:2)
  3 acid dragons
  Duvessa (D:4)
  18 water moccasins
  An ice beast (D:7)
  8 orc warriors
  2 swamp drakes (Lair:5)
  A sky beast (D:7)
  12 wolves
  4 ogres
  6 centaurs
  A phantom (D:5)
  2 kobold brigands
  19 bullfrogs
  3 gnoll sergeants
  5 wights (D:8)
  Dowan (D:4)
  18 killer bees
  2 vampire bats (Lair:4)
  A howler monkey (D:6)
  4 jellies
  2 hounds
  9 orc priests
  2 sleepcaps
  Ijyb (D:5)
  6 iguanas
  10 orc wizards
  10 gnolls
  4 adders
  2 white imps
  An ufetubus (D:6)
  3 worms (D:2)
  3 dart slugs
  38 orcs
  7 ball pythons
  6 endoplasms
  A giant cockroach (D:1)
  8 goblins
  9 hobgoblins
  14 kobolds
  2 quokkas (D:2)
  10 bats
  6 rats
434 creatures vanquished.

Vanquished Creatures (others)
  Kirke (Lair:4)
  An orc sorcerer (Orc:2)
  A komodo dragon (Lair:5)
  An orc warrior (Orc:2)
  An orc priest (Orc:2)
  4 orc wizards (Orc:2)
  85 fungi
  85 plants
  5 toadstools (D:5)
184 creatures vanquished.

Grand Total: 618 creatures vanquished

Notes
Turn   | Place    | Note
-------+----------+-------------------------------------------
     0 | D:1      | GloriousHammer the Troll Fighter began the quest for the
                  | Orb.
     0 | D:1      | Reached XP level 1. HP: 22/22 MP: 0/0
     0 | D:1      | Noticed an orb of fire
     0 | D:1      | Noticed a large abomination
     1 | D:1      | Noticed an orb of fire
     3 | D:1      | Noticed a green draconian
     5 | D:1      | Noticed a large abomination
     6 | D:1      | Noticed an orb of fire
     8 | D:1      | Noticed an orb of fire
     9 | D:1      | Noticed a white draconian
    11 | D:1      | Noticed a large abomination
    13 | D:1      | Noticed a shadow dragon
    13 | D:1      | Noticed a large abomination
    15 | D:1      | Noticed a tentacled monstrosity
    15 | D:1      | Noticed a large abomination
    17 | D:1      | Noticed a red draconian
    17 | D:1      | Noticed a black draconian
    17 | D:1      | Noticed a tentacled monstrosity
    19 | D:1      | Noticed an iron dragon
   101 | D:1      | Reached XP level 2. HP: 29/29 MP: 1/1
   259 | D:1      | Found Yzxafosch's Antique Armour Boutique.
   406 | D:1      | Reached XP level 3. HP: 34/36 MP: 2/2
   825 | D:2      | Reached skill level 3 in Unarmed Combat
   849 | D:2      | Found a shadowy altar of Dithmenos.
  1246 | D:2      | Reached XP level 4. HP: 29/44 MP: 3/3
  1493 | D:3      | Found a sparkling altar of Nemelex Xobeh.
  1764 | D:3      | Reached XP level 5. HP: 53/53 MP: 4/4
  1984 | D:3      | Found a faded altar of an unknown god.
  2001 | D:3      | Reached skill level 4 in Unarmed Combat
  2223 | D:4      | Noticed Duvessa
  2350 | D:4      | Found a bloodstained altar of Trog.
  2360 | D:4      | Noticed an ogre
  2366 | D:4      | Killed an ogre
  2559 | D:4      | Found a broken altar of Ashenzari.
  2673 | D:4      | Noticed Dowan
  2702 | D:4      | Killed Dowan
  2703 | D:4      | Reached XP level 6. HP: 58/61 MP: 5/5
  2786 | D:4      | Found a hide-covered altar of Uskayaw.
  2949 | D:4      | Killed Duvessa
  2950 | D:4      | Reached skill level 5 in Unarmed Combat
  3161 | D:5      | Entered Level 5 of the Dungeon
  3245 | D:5      | You fall into a shaft and drop 2 floors!
  3279 | D:7      | Noticed a water moccasin
  3300 | D:7      | Killed a water moccasin
  3301 | D:7      | Reached XP level 7. HP: 51/70 MP: 6/6
  3530 | D:5      | Noticed Ijyb
  3532 | D:5      | Found a glowing silver altar of Zin.
  3541 | D:5      | Killed Ijyb
  3542 | D:5      | Reached skill level 6 in Unarmed Combat
  3773 | D:5      | Found a shimmering altar of Xom.
  3927 | D:6      | Found a shadowy altar of Dithmenos.
  4037 | D:6      | Reached XP level 8. HP: 79/79 MP: 7/7
  4111 | D:6      | Found a burning altar of Makhleb.
  4288 | D:6      | Reached skill level 5 in Shields
  4363 | D:6      | Reached skill level 7 in Unarmed Combat
  4689 | D:7      | Found an opulent altar of Gozag.
  5064 | D:7      | Reached skill level 5 in Fighting
  5197 | D:7      | Reached skill level 8 in Unarmed Combat
  5221 | D:7      | Found a staircase to the Ecumenical Temple.
  5444 | Temple   | Entered the Ecumenical Temple
  5496 | Temple   | Became a worshipper of the Wu Jian Council
  5614 | D:8      | Noticed Erica
  5871 | D:8      | Reached XP level 9. HP: 55/88 MP: 8/8
  5943 | D:8      | Reached skill level 9 in Unarmed Combat
  5995 | D:8      | Found a white marble altar of Elyvilon.
  6428 | D:8      | Reached * piety under Wu Jian
  6462 | D:8      | Killed Erica
  6463 | D:8      | Reached skill level 10 in Unarmed Combat
  6507 | D:8      | Reached XP level 10. HP: 65/100 MP: 9/9
  7158 | D:9      | Reached skill level 11 in Unarmed Combat
  7321 | D:9      | Found a radiant altar of Vehumet.
  7537 | D:9      | Noticed a two-headed ogre
  7546 | D:9      | Killed a two-headed ogre
  7646 | D:9      | Reached ** piety under Wu Jian
  8166 | D:10     | Entered Level 10 of the Dungeon
  8169 | D:10     | Noticed a gargoyle
  8173 | D:10     | Killed a gargoyle
  8174 | D:10     | Reached skill level 12 in Unarmed Combat
  8235 | D:10     | Reached skill level 1 in Armour
  8235 | D:10     | Reached XP level 11. HP: 90/109 MP: 10/10
  8472 | D:10     | Found a staircase to the Lair.
  8616 | D:10     | Found a stormy altar of Qazlal.
  8910 | Lair:1   | Entered Level 1 of the Lair of Beasts
  9425 | Lair:1   | Noticed Harold
  9438 | Lair:1   | Killed Harold
  9945 | Lair:1   | Reached skill level 13 in Unarmed Combat
  9950 | Lair:1   | Reached *** piety under Wu Jian
 10021 | Lair:2   | Found a staircase to the Snake Pit.
 10039 | Lair:2   | Found a transporter.
 10039 | Lair:2   | Found a one-way gate to the infinite horrors of the Abyss.
 10039 | Lair:2   | Noticed Sovesh's ghost (journeyman OpCj)
 10041 | Lair:2   | Noticed a sixfirhy
 10061 | Lair:2   | Noticed a spriggan rider
 10160 | Lair:2   | Found a transporter.
 10163 | Lair:2   | Noticed a rakshasa
 10170 | Lair:2   | Noticed a fire crab
 10181 | Lair:2   | Killed a fire crab
 10182 | Lair:2   | Reached XP level 12. HP: 119/122 MP: 11/11
 10762 | Lair:3   | Noticed a death yak
 10763 | Lair:3   | Noticed a catoblepas
 10784 | Lair:2   | Killed a death yak
 10945 | Lair:3   | Reached skill level 14 in Unarmed Combat
 11271 | Lair:3   | Reached **** piety under Wu Jian
 11734 | Lair:3   | Noticed a boulder beetle
 11752 | Lair:3   | Killed a boulder beetle
 11753 | Lair:3   | Reached skill level 5 in Armour
 11753 | Lair:3   | Reached skill level 10 in Shields
 11777 | Lair:3   | Killed a catoblepas
 12178 | Lair:3   | Found a staircase to the Swamp.
 12350 | Lair:3   | Reached skill level 15 in Unarmed Combat
 12366 | Lair:3   | Noticed a death yak
 12366 | Lair:3   | Noticed a death yak
 12377 | Lair:3   | Killed a death yak
 12378 | Lair:3   | Reached XP level 13. HP: 75/131 MP: 12/12
 13543 | Lair:3   | Found a staircase to the Swamp.
 14629 | Lair:4   | Found a shimmering altar of Xom.
 14782 | Lair:4   | Paralysed by a hornet for 2 turns
 14965 | Lair:4   | Noticed Rupert
 14973 | Lair:4   | Killed Rupert
 15510 | Lair:4   | Upgraded the game from 0.30-a0-989-g0d87f670db to
                  | 0.30-a0-996-ga6910c8ee8
 15540 | Lair:5   | Entered Level 5 of the Lair of Beasts
 15718 | Lair:5   | Noticed Kirke
 16099 | Lair:4   | Killed Kirke
 16699 | Lair:4   | Found a shimmering altar of Xom.
 17230 | Lair:4   | Found a shimmering altar of Xom.
 18964 | Lair:4   | Found a shimmering altar of Xom.
 20491 | Lair:5   | Reached skill level 10 in Fighting
 20514 | Lair:5   | Reached skill level 16 in Unarmed Combat
 20785 | Lair:5   | Found a staircase to the Slime Pits.
 20809 | Lair:5   | Found a viscous altar of Jiyva.
 21044 | Lair:5   | Noticed a dire elephant
 21060 | Lair:5   | Killed a dire elephant
 21427 | Lair:5   | Noticed a dire elephant
 21451 | Lair:5   | Reached XP level 14. HP: 112/143 MP: 13/13
 21644 | Lair:5   | Identified the ring of Fanaticism {Int+3 SInv}
 22509 | D:11     | Noticed Fannar
 22541 | D:11     | Killed Fannar
 22719 | D:11     | Found a staircase to the Orcish Mines.
 23400 | Orc:1    | Entered Level 1 of the Orcish Mines
 23401 | Orc:1    | Noticed Sonja
 23415 | Orc:1    | Killed Sonja
 23512 | Orc:1    | Noticed Urug
 23526 | Orc:1    | Killed Urug
 23628 | Orc:1    | Noticed an orc warlord
 23658 | Orc:1    | Killed an orc warlord
 23661 | Orc:1    | Reached skill level 17 in Unarmed Combat
 23975 | Orc:1    | Found Davoh's Antique Weapon Emporium.
 24240 | Orc:2    | Entered Level 2 of the Orcish Mines
 24253 | Orc:2    | Reached ***** piety under Wu Jian
 24266 | Orc:2    | Killed from afar by an orc sorcerer

Illustrated notes

Levels and vault maps discovered:
D:1:      shiori_arrival_whats_in_store_for_you, layout_loops_ring,
          serial_shops, nicolae_shop_window_shopping, minmay_pentomino_o2
D:2:      layout_loops_ring, basic_altar, hangedman_decor_push
D:3:      layout_basic, mainiacjoe_overflow_brackets,
          chequers_ecumenical_altar_simple_redux
D:4:      layout_basic, ashenzari_altar_1, mainiacjoe_overflow_small_starburst,
          nicolae_uskayaw_suspiria, uniq_duvessa
D:5:      layout_rooms, mainiacjoe_overflow_six_doors_small,
          general_overflow_altar, minmay_gold_behind_fungi,
          columned_hall_lemuel, ebering_dispersal_statue_hall, uniq_ijyb
D:6:      minmay_angry_zag, layout_rooms, mainiacjoe_overflow_24_doors,
          bloody_makhleb, due_unseen_surprise
D:7:      layout_basic, nicolae_gozag_cash_rules_everything_around_me,
          minmay_temple_entry_fiery, nicolae_lava_and_water
D:8:      layout_loops_cross, elyvilon_altar_1, chequers_jeans, uniq_erica
D:9:      layout_cave_pods, vehumet_altar_wand_db, kennysheep_another_room,
          kennysheep_decorative_pillar, minmay_starry_boxes
D:10:     layout_basic, mainiacjoe_overflow_catwalk, due_lair_maze_entry_diamond
D:11:     layout_stronghold, minmay_orc_entry_temple_small,
          hangedman_decor_clover_reticule, nrook_guardian_serpent_double,
          uniq_fannar
Temple:   eino_wide_crystal_templ
Lair:1:   layout_cave_pods, uniq_harold
Lair:2:   layout_misc_corridors, guppyfry_snake_entry_island,
          gammafunk_ghost_abyssal_escape
Lair:3:   nzn_winding_woodlands_stair_cross [nzn_winding_woodlands_5x15_zeroes,
          nzn_winding_woodlands_center_diamonds, nzn_winding_woodlands_5x15_eye,
          nzn_winding_woodlands_5x5_checkerboard,
          nzn_winding_woodlands_5x5_three, nzn_winding_woodlands_5x15_cabin,
          nzn_winding_woodlands_center_pierced_h,
          nzn_winding_woodlands_5x15_lazy_stream], layout_cave_shapes,
          swamp_mist, chequers_serial_rivers_small_3,
          nicolae_lair_grove_arrangements
Lair:4:   layout_cave_pods, basic_altar, roderic_batcave, grunt_megastairs_2,
          uniq_rupert
Lair:5:   hangedman_lair_in_review, layout_loops_ring, guppyfry_lair_end_dragon,
          nicolae_slime_entry_field_trip, uniq_kirke
Orc:1:    layout_diamond_mine, serial_shops, nicolae_shop_statue_plus,
          lightli_orcish_oven, uniq_sonja, uniq_urug
Orc:2:    st_orc_mages, layout_diamond_mine

Skill      XL: |  1  2  3  4  5  6  7  8  9 10 11 12 13 14 |
---------------+-------------------------------------------+-----
Shields        | 3 4 6 7 8 9 10 11 | 11.6
Unarmed Combat | 3 4 5 6 8 10 12 13 15 16 17 | 17.0
Fighting       | 3 4 5 6 7 8 9 10 | 10.6
Armour         | 1 3 5 6 7 |  7.5
Dodging        | |  2.4

Action                     |  1- 3 |  4- 6 |  7- 9 | 10-12 | 13-15 || total
---------------------------+-------+-------+-------+-------+-------++-------
  Melee: Unarmed           |    84 |   138 |   238 |   618 |   597 ||  1675
  Throw: Dart              |       |       |     2 |    11 |     1 ||    14
         Throwing net      |       |       |       |       |     1 ||     1
         Boomerang         |       |       |       |       |     3 ||     3
 Invoke: Serpent's Lash    |       |       |       |       |    10 ||    10
Ability: Lunge             |       |       |     5 |    32 |    45 ||    82
         Whirlwind         |       |       |       |   140 |   130 ||   270
  Evoke: Wand              |       |       |     1 |     3 |    18 ||    22
    Use: Potion            |       |     2 |     1 |       |     3 ||     6
         Scroll            |       |       |     6 |     6 |    10 ||    22
   Stab: Sleeping          |     1 |       |       |       |       ||     1
         Paralysed         |       |       |       |     4 |     1 ||     5
         Petrified         |       |       |       |       |    11 ||    11
         Held in net/web   |       |       |       |       |     1 ||     1
 Armour: Robe              |    22 |    31 |    63 |       |       ||   116
         Steam dragon scal |       |       |     4 |    25 |       ||    29
         Acid dragon scale |       |       |       |   188 |   207 ||   395
  Dodge: Dodged            |    33 |    33 |    64 |   156 |   117 ||   403
  Block: Kite shield       |    32 |    51 |   107 |   244 |   247 ||   681

Table legend: (Time is in decaauts)
 A = Elapsed time spent in this place.
 B = Non-inter-level travel time spent in this place.
 C = Inter-level travel time spent in this place.
 D = Time resting spent in this place.
 E = Time spent auto-exploring this place.
 F = Levels seen in this place.
 G = Mean time per level.
                   A        B        C        D        E       F      G
               +--------+--------+--------+--------+--------+-----+--------+
         Total |  24220 |  23318 |    902 |   4069 |  15562 |  19 | 1274.7 |
       Dungeon |  10040 |   9530 |    510 |    767 |   6850 |  11 |  912.7 |
        Temple |     76 |     52 |     24 |      0 |     40 |   1 |   76.0 |
          Lair |  13242 |  12892 |    350 |   2927 |   8363 |   5 | 2648.4 |
  Orcish Mines |    860 |    843 |     17 |    374 |    309 |   2 |  430.0 |
               +--------+--------+--------+--------+--------+-----+--------+

Top non-repeatable levels by time:
  Lair:3: 4818 daAuts
  Lair:4: 4028 daAuts
  Lair:5: 2450 daAuts
     D:7: 1335 daAuts
     D:9: 1329 daAuts
    D:11: 1122 daAuts
  Lair:1: 1067 daAuts
     D:8: 1005 daAuts
     D:4: 901 daAuts
  Lair:2: 876 daAuts
     D:3: 851 daAuts
   Orc:1: 836 daAuts
    D:10: 796 daAuts
     D:1: 790 daAuts
     D:6: 657 daAuts
